 Dungeon Crawl Stone Soup version 0.25-a0-294-gea9b1ad378 (webtiles) character file.

Game seed: 3874829193608098088, levelgen mode: deterministic

1052 MoonlitKnight the Charmwright (level 8, -7/63 HPs)
             Began as a Gnoll Skald on Dec 18, 2019.
             Was a Follower of Okawaru.
             Killed from afar by a gargoyle (19 damage)
             ... with a stone arrow
             ... on level 7 of the Dungeon.
             The game lasted 00:10:11 (4980 turns).

MoonlitKnight the Charmwright (Gnoll Skald)         Turns: 4980, Time: 00:10:12

Health: -7/63      AC:  9    Str: 15    XL:     8   Next: 26%
Magic:  13/16      EV: 14    Int: 15    God:    Okawaru [*.....]
Gold:   351        SH:  5    Dex: 16    Spells: 7/18 levels left

rFire    . . .     SeeInvis .   a - +0 spear
rCold    . . .     Gourm    .   (no shield)
rNeg     + . .     Faith    .   H - +0 ring mail (curse)
rPois    +         Spirit   .   p - +0 helmet
rElec    .         Reflect  +   t - +0 cloak
rCorr    .         Harm     .   (no gloves)
MR       .....                  A - +0 pair of boots
Stlth    ++........             y - +5 amulet of reflection
HPRegen  0.20/turn              g - ring of poison resistance
MPRegen  0.15/turn              s - ring of positive energy

@: lethally poisoned (-7 -> -12), very slightly contaminated
A: distributed training, fangs 1, strong nose
a: Heroism, Renounce Religion


You were on level 7 of the Dungeon.
You worshipped Okawaru.
Okawaru was aware of your devotion.
You were not hungry.

You visited 1 branch of the dungeon, and saw 7 of its levels.

You collected 351 gold pieces.

Inventory:

Hand Weapons
 a - a +0 spear (weapon)
Missiles
 i - 67 sling bullets
 j - 16 poisoned darts (quivered)
Armour
 e - a +0 ring mail of magic resistance
 p - a +0 helmet (worn)
 t - a +0 cloak (worn)
 A - a +0 pair of boots (worn)
 G - a +0 shield
 H - a cursed +0 ring mail (worn)
Jewellery
 g - a ring of poison resistance (left hand)
 s - a ring of positive energy (right hand)
 y - a +5 amulet of reflection (around neck)
 C - an uncursed ring of see invisible {unknown}
Wands
 F - a wand of disintegration (14)
Scrolls
 f - a scroll of remove curse
 k - a scroll of amnesia {unknown}
 l - 4 scrolls of identify
 m - 7 scrolls of teleportation
 o - a scroll of immolation {unknown}
 w - a scroll of fear {unknown}
 x - 4 scrolls of noise {unknown}
 B - a scroll of fog {unknown}
 D - a scroll of enchant armour {unknown}
 E - 4 scrolls of magic mapping {unknown}
Potions
 c - 2 potions of agility {unknown}
 h - a potion of curing {unknown}
 n - a potion of heal wounds {unknown}
 q - 2 potions of might {unknown}
 r - 2 potions of berserk rage {unknown}
 u - 2 potions of lignification {unknown}
 v - 2 potions of flight {unknown}
 z - a potion of ambrosia {unknown}
Comestibles
 d - 9 rations


   Skills:
 + Level 5.5 Fighting
 + Level 3.0 Short Blades
 + Level 3.0 Long Blades
 + Level 3.0 Axes
 + Level 3.0 Maces & Flails
 + Level 5.5 Polearms
 + Level 3.0 Staves
 + Level 3.0 Slings
 + Level 3.0 Bows
 + Level 3.0 Crossbows
 + Level 3.0 Throwing
 + Level 4.0 Armour
 + Level 5.5 Dodging
 + Level 3.0 Stealth
 + Level 3.0 Shields
 + Level 3.0 Unarmed Combat
 + Level 5.9 Spellcasting
 + Level 2.4 Conjurations
 + Level 2.4 Hexes
 + Level 6.0 Charms
 + Level 2.4 Summonings
 + Level 2.4 Necromancy
 + Level 2.4 Translocations
 + Level 2.4 Transmutations
 + Level 2.4 Fire Magic
 + Level 2.4 Ice Magic
 + Level 2.4 Air Magic
 + Level 2.4 Earth Magic
 + Level 2.4 Poison Magic
 + Level 3.3 Invocations
 + Level 3.0 Evocations


You had 7 spell levels left.
You knew the following spells:

 Your Spells              Type           Power        Failure   Level  Hunger
a - Infusion              Chrm           ###.         2%          1    None
b - Shroud of Golubria    Chrm/Tloc      ###...       7%          2    #......
c - Spectral Weapon       Hex/Chrm       ###.....     14%         3    ###....
d - Regeneration          Chrm/Necr      ###.......   14%         3    ###....
e - Song of Slaying       Chrm           ###.....     3%          2    #......

Your spell library contained the following spells:

 Spells                   Type           Power        Failure   Level  Hunger
 Summon Small Mammal      Summ           ##..         10%         1    None
 Call Imp                 Summ           ##......     16%         2    #......
 Call Canine Familiar     Summ           ##......     30%         3    ###....
 Summon Guardian Golem    Hex/Summ       ##......     30%         3    ###....
 Summon Ice Beast         Ice/Summ       ##......     69%         4    ####...
 Summon Lightning Spire   Summ/Air       ##......     69%         4    ####...


Dungeon Overview and Level Annotations

Branches:
Dungeon (7/15)
 Temple: D:4-7

Altars:
Okawaru

Annotations:
D:6 1 runed translucent door, Crazy Yiuf


Innate Abilities, Weirdness & Mutations

Your experience applies equally to all skills.
You have very sharp teeth.
Your uncanny sense of smell can sniff out nearby items.


Message History

You miscast Spectral Weapon.
You are very lightly contaminated with residual magic.
Nothing appears to happen.
The gargoyle hits you with a +0 mace of venom!
You are poisoned.
You hit the gargoyle but do no damage.
You feel sick.
The gargoyle hurls a stone arrow at you.
The stone arrow hits you!
You hit the gargoyle but do no damage. Your bite misses the gargoyle.
You feel sick.
The gargoyle hits you with a +0 mace of venom.
You barely miss the gargoyle. Your bite misses the gargoyle.
You feel sick.
You hit the gargoyle but do no damage.
The gargoyle hurls a stone arrow at you.
The stone arrow hits you!!
* * * LOW HITPOINT WARNING * * *
You feel sick.
The gargoyle hurls a stone arrow at you.
The stone arrow hits you!!
You die...

.......####........#
.........##........## ∆
..........#......)..## #
#....###.............#.#
#.#....#.....(.........
#####................#
##......... #.9..##
##.........####....#..
#..........##.@........
##....#..#####.#..##..#.
##.....#...###..#..# ...
#.....##...#.......## .
##......#...........##.
####...#..............
#..##..............
###.#............#..
#.......###......# #


You could see a gargoyle.

Vanquished Creatures
  A sky beast (D:6)
  An ogre (D:5)
  3 centaurs
  2 bullfrogs
  A howler monkey (D:6)
  4 orc wizards
  2 orc priests
  3 jellies
  Robin (D:2)
  4 adders
  2 shadow imps
  2 oozes
  An adder skeleton (D:5)
  An adder zombie (D:6)
  3 worms
  4 dart slugs
  A leopard gecko (D:7)
  11 orcs
  7 bats
  5 giant cockroaches
  20 goblins
  9 hobgoblins
  11 jackals
  7 kobolds
  6 quokkas
  3 frilled lizards
  A jackal zombie (D:5)
  A leopard gecko zombie (D:5)
  A quokka skeleton (D:6)
  3 rats
121 creatures vanquished.

Vanquished Creatures (others)
  A spectral weapon (D:6)
1 creature vanquished.

Grand Total: 122 creatures vanquished

Notes
Turn   | Place    | Note
-------+----------+-------------------------------------------
     0 | D:1      | MoonlitKnight the Gnoll Skald began the quest for the Orb.
     0 | D:1      | Reached XP level 1. HP: 20/20 MP: 6/6
    85 | D:1      | Reached XP level 2. HP: 26/26 MP: 7/7
   355 | D:1      | Reached XP level 3. HP: 31/31 MP: 9/9
   466 | D:2      | Reached skill level 5 in Spellcasting
   524 | D:2      | Noticed an ogre
   531 | D:2      | Noticed Robin
   564 | D:3      | Reached skill level 1 in Invocations
   570 | D:3      | Learned a level 2 spell: Shroud of Golubria
   574 | D:3      | Learned a level 3 spell: Spectral Weapon
   578 | D:3      | Learned a level 3 spell: Regeneration
   581 | D:3      | Learned a level 2 spell: Song of Slaying
   692 | D:2      | Reached skill level 1 in Short Blades
   692 | D:2      | Reached skill level 1 in Long Blades
   692 | D:2      | Reached skill level 1 in Axes
   692 | D:2      | Reached skill level 1 in Maces & Flails
   692 | D:2      | Reached skill level 1 in Staves
   692 | D:2      | Reached skill level 1 in Slings
   692 | D:2      | Reached skill level 1 in Bows
   692 | D:2      | Reached skill level 1 in Crossbows
   692 | D:2      | Reached skill level 1 in Throwing
   692 | D:2      | Reached skill level 1 in Stealth
   692 | D:2      | Reached skill level 1 in Shields
   692 | D:2      | Reached skill level 1 in Unarmed Combat
   692 | D:2      | Reached skill level 1 in Evocations
   692 | D:2      | Reached XP level 4. HP: 34/38 MP: 11/11
   936 | D:2      | Killed Robin
   938 | D:2      | Reached skill level 1 in Conjurations
   938 | D:2      | Reached skill level 1 in Hexes
   938 | D:2      | Reached skill level 1 in Summonings
   938 | D:2      | Reached skill level 1 in Necromancy
   938 | D:2      | Reached skill level 1 in Translocations
   938 | D:2      | Reached skill level 1 in Transmutations
   938 | D:2      | Reached skill level 1 in Fire Magic
   938 | D:2      | Reached skill level 1 in Ice Magic
   938 | D:2      | Reached skill level 1 in Air Magic
   938 | D:2      | Reached skill level 1 in Earth Magic
   938 | D:2      | Reached skill level 1 in Poison Magic
  1599 | D:3      | Reached XP level 5. HP: 42/43 MP: 8/12
  2726 | D:5      | Entered Level 5 of the Dungeon
  2740 | D:5      | Noticed an ogre
  2755 | D:5      | Killed an ogre
  2755 | D:5      | Reached XP level 6. HP: 30/50 MP: 10/13
  2958 | D:5      | Reached skill level 5 in Fighting
  2958 | D:5      | Reached skill level 5 in Polearms
  2958 | D:5      | Reached skill level 5 in Dodging
  3000 | D:5      | Found an iron altar of Okawaru.
  3010 | D:5      | Became a worshipper of Warmaster Okawaru
  3278 | D:5      | Reached XP level 7. HP: 47/56 MP: 15/15
  3738 | D:6      | Reached * piety under Okawaru
  4143 | D:6      | Reached XP level 8. HP: 19/63 MP: 13/16
  4427 | D:6      | Reached skill level 6 in Charms
  4869 | D:6      | Found a runed translucent door.
  4870 | D:6      | Noticed Crazy Yiuf
  4972 | D:7      | Noticed a gargoyle
  4980 | D:7      | Killed from afar by a gargoyle

Levels and vault maps discovered:
D:1:      beargit_arrival_greenhouse, layout_rooms
D:2:      layout_rooms, lightli_corner_chamber, uniq_robin
D:3:      layout_loops_ring
D:4:      layout_loops_ring
D:5:      layout_loops_ring, first_ration, okawaru_ov_weapons_minmay
D:6:      layout_cave_pools, uniq_crazy_yiuf_cottage
D:7:      layout_cave_pools, minmay_temple_entry_drinking_statues,
          grunt_livestock

Skill      XL: |  1  2  3  4  5  6  7  8 |
---------------+-------------------------+-----
Spellcasting   | 5 |  5.9
Invocations    | 1 2 3 |  3.3
Short Blades   | 1 2 3 |  3.0
Long Blades    | 1 2 3 |  3.0
Axes           | 1 2 3 |  3.0
Maces & Flails | 1 2 3 |  3.0
Staves         | 1 2 3 |  3.0
Slings         | 1 2 3 |  3.0
Bows           | 1 2 3 |  3.0
Crossbows      | 1 2 3 |  3.0
Throwing       | 1 2 3 |  3.0
Stealth        | 1 2 3 |  3.0
Shields        | 1 2 3 |  3.0
Unarmed Combat | 1 2 3 |  3.0
Evocations     | 1 2 3 |  3.0
Conjurations   | 1 2 |  2.4
Hexes          | 1 2 |  2.4
Summonings     | 1 2 |  2.4
Necromancy     | 1 2 |  2.4
Translocations | 1 2 |  2.4
Transmutations | 1 2 |  2.4
Fire Magic     | 1 2 |  2.4
Ice Magic      | 1 2 |  2.4
Air Magic      | 1 2 |  2.4
Earth Magic    | 1 2 |  2.4
Poison Magic   | 1 2 |  2.4
Armour         | 3 4 |  4.0
Fighting       | 5 |  5.5
Polearms       | 5 |  5.5
Dodging        | 5 |  5.5
Charms         | 6 |  6.0

Action                   |  1- 3 |  4- 6 |  7- 9 || total
-------------------------+-------+-------+-------++-------
Melee: Spear             |   104 |   214 |   199 ||   517
       Bite              |    10 |    23 |    27 ||    60
       Punch             |       |     5 |     2 ||     7
Throw: Dart              |       |     2 |       ||     2
 Cast: Spectral Weapon   |     1 |     4 |     6 ||    11
       Regeneration      |       |       |     1 ||     1
  Use: Scroll            |       |     4 |     1 ||     5
 Stab: Sleeping          |       |     2 |     4 ||     6
  Eat: Chunk             |       |     8 |     6 ||    14
Armor: Ring mail         |    20 |    43 |    61 ||   124
Dodge: Dodged            |    50 |   113 |    66 ||   229
Block: Other             |       |    13 |    33 ||    46
       Reflection        |       |     1 |     3 ||     4

Table legend:
 A = Non-vault XP
 B = Vault XP
 C = Vault XP percentage of total XP
 D = Non-vault monster count
 E = Vault monster count
 F = Vault count percentage of total count
                 A         B        C        D         E       F
            +---------+---------+-------+---------+---------+-------
      Total |    1464 |      39 |   2.6 |     108 |      13 |  10.7
            +---------+---------+-------+---------+---------+-------
        D:1 |      37 |       0 |   0.0 |      18 |       0 |   0.0
        D:2 |      47 |      39 |  45.3 |      13 |      13 |  50.0
        D:3 |      85 |       0 |   0.0 |      33 |       0 |   0.0
        D:4 |       1 |       0 |   0.0 |       1 |       0 |   0.0
        D:5 |     635 |       0 |   0.0 |      21 |       0 |   0.0
        D:6 |     631 |       0 |   0.0 |      19 |       0 |   0.0
        D:7 |      28 |       0 |   0.0 |       3 |       0 |   0.0
            +---------+---------+-------+---------+---------+-------
